 Dungeon Crawl Stone Soup version 0.16-a0-3667-g690a316 (webtiles) character file.

32 Ekaitz the Digger (level 3, 0/25 HPs)
             Began as a Bearkin Earth Elementalist on May 7, 2015.
             Succumbed to an adder's poison
             ... on level 2 of the Dungeon.
             The game lasted 00:04:47 (1393 turns).

Ekaitz the Digger (Bearkin Earth Elementalist)      Turns: 1393, Time: 00:04:47

Health: 0/25       AC:  3    Str: 11    XL:     3   Next: 10%
Magic:  6/6        EV: 17    Int: 14    God:
Gold:   73         SH:  0    Dex: 17    Spells: 2 memorised, 3 levels left

rFire  + . .     SeeInvis .       - Unarmed
rCold  . . .     Clarity  .     c - +0 robe
rNeg   . . .     SustAb   .     (no shield)
rPois  .         Gourm    .     (no helmet)
rElec  .         Spirit   .     (no cloak)
rCorr  .         Warding  .     (no gloves)
rMut   .         Stasis   .     (no boots)
MR     .....                    (no amulet)
Stlth  ++++......               n - ring of protection from fire
                                g - ring of stealth

@: agile, lethally poisoned, exhausted, very slightly contaminated, slowed,
invisible, very slow, not resistant to hostile enchantments, stealthy
A: claws 1, shaggy fur 1, hind claws 1, cornered berserk
a: Cornered Berserk


You were on level 2 of the Dungeon.
You were not hungry.

You visited 1 branch of the dungeon, and saw 2 of its levels.

You collected 73 gold pieces.

Inventory:

Missiles
 b - 49 stones (quivered)
 e - 21 bolts
 p - 12 poisoned needles
Armour
 c - a +0 robe (worn)
Jewellery
 g - a ring of stealth (left claw)
 n - a ring of protection from fire (right claw)
 o - an uncursed ring of fire
Scrolls
 h - a scroll of enchant armour {unknown}
 k - 2 scrolls of fear {unknown}
 l - 2 scrolls of identify {unknown}
 m - a scroll of amnesia {unknown}
Books
 d - a book of Geomancy

   Spells                             Type                      Level
   a - Sandblast                      Earth                        1
   b - Stoneskin                      Transmutation/Earth          2
   c - Passwall                       Transmutation/Earth          3
   d - Stone Arrow                    Conjuration/Earth            3
   e - Petrify                        Transmutation/Earth          4
   f - Lee's Rapid Deconstruction     Earth                        5
Comestibles
 a - a bread ration


   Skills:
 * Level 0.6 Fighting
 + Level 1.8 Dodging
 - Level 1.5 Stealth
 * Level 1.1 Unarmed Combat
 + Level 2.3 Spellcasting
 + Level 1.0 Transmutations
 + Level 3.4 Earth Magic


You had 3 spell levels left.
You knew the following spells:

 Your Spells              Type           Power        Failure   Level  Hunger
a - Sandblast             Erth           ##....       10%         1    #......
b - Stoneskin             Trmt/Erth      #.......     17%         2    ###....


Dungeon Overview and Level Annotations

Branches:
Dungeon (2/15)

Altars:


Innate Abilities, Weirdness & Mutations

You have sharp fingernails.
You are covered in fur (AC +1).
Your hind legs have claws.
You can berserk when greatly wounded.


Message History

There is a lethal amount of poison in your body!
There is a lethal amount of poison in your body!
You are starting to lose your buoyancy.
* * * LOW HITPOINT WARNING * * *
You feel sick.
Found a bread ration.
* * * LOW HITPOINT WARNING * * *
You feel sick.
* * * LOW HITPOINT WARNING * * *
You feel sick.
You float gracefully downwards.
Use which ability? (? or * to list) You're too exhausted to go berserk.
* * * LOW HITPOINT WARNING * * *
You feel sick.
You see here a bread ration.
Eat a chunk of flesh? (ye/n/q/i?) This raw flesh tastes terrible.
You continue eating. x2
You die...

#####.##.#.........#
#.##.#..##.###..
########.##.#..##.###..
............รท..#.>.##..
#........##......#.....
#.##.....#####.#...####
#.##.....# #.##.##
###........## #.##.#####
........@...# #.........
.##.##......# #.###.####
# ###.#..# #.# #.#
#.#..# .$# #.# #.#..#
#..w..# .....# #.#####
####.#


There were no monsters in sight!

Vanquished Creatures
  An adder (D:2)
  A giant cockroach (D:1)
  4 goblins
  3 hobgoblins
  5 jackals (D:1)
  2 kobolds (D:1)
  2 bats (D:1)
  2 giant newts
  4 rats
24 creatures vanquished.

Notes
Turn   | Place    | Note
--------------------------------------------------------------
     0 | D:1      | Ekaitz, the Bearkin Earth Elementalist, began the quest for the Orb.
     0 | D:1      | Reached XP level 1. HP: 13/13 MP: 3/3
   276 | D:1      | Reached XP level 2. HP: 11/19 MP: 4/4
   291 | D:1      | Learned a level 2 spell: Stoneskin
  1365 | D:2      | HP: 1/20 [poisoned by an adder]
  1375 | D:2      | Reached skill level 1 in Unarmed Combat
  1375 | D:2      | Reached XP level 3. HP: 7/25 MP: 4/6
  1387 | D:2      | HP: 1/25 [poisoned by an adder]
  1393 | D:2      | Succumbed to an adder's poison

Action                   || total
-------------------------++-------
Melee: Unarmed           ||    65
 Cast: Sandblast         ||    16
       Stoneskin         ||     2
 Abil: Cornered Berserk  ||     4
  Use: Potion            ||     4
 Stab: Sleeping          ||     3
  Eat: Chunk             ||     4
